 Dungeon Crawl Stone Soup version 0.23.2-33-g5129a83184 (webtiles) character file.

Game seed: 1103685363338943153

2464 t4s4d4r the Magician (level 9, -10/70 HPs)
             Began as a Gnoll Skald on July 11, 2019.
             Was an Initiate of Gozag.
             Mangled by an orc warrior
             ... wielding a +0 glaive
              (22 damage)
             ... on level 7 of the Dungeon.
             The game lasted 00:17:20 (7569 turns).

t4s4d4r the Magician (Gnoll Skald)                  Turns: 7569, Time: 00:17:20

Health: -10/70     AC:  9    Str: 15    XL:     9   Next: 50%
Magic:  13/18      EV: 14    Int: 18    God:    Gozag
Gold:   854        SH:  5    Dex: 14    Spells: 10/21 levels left

rFire    . . .     SeeInvis .   a - +0 spear
rCold    . . .     Gourm    .   n - +0 buckler
rNeg     . . .     Faith    .   x - +0 ring mail
rPois    .         Spirit   .   l - +0 helmet
rElec    .         Reflect  .   (no cloak)
rCorr    .         Harm     .   t - +0 pair of gloves
MR       +....                  u - +0 pair of boots
Stlth    ++........             (no amulet)
HPRegen  0.21/turn              E - +2 ring of slaying
MPRegen  0.16/turn              e - ring of protection from magic

@: infused, gold aura
A: distributed training, fangs 1, strong nose
a: Potion Petition, Call Merchant, Bribe Branch, Renounce Religion


You were on level 7 of the Dungeon.
You worshipped Gozag.
Gozag was pleased with you.
You were not hungry.

You visited 2 branches of the dungeon, and saw 8 of its levels.

You collected 909 gold pieces.
You paid 55 gold pieces to Gozag.

Inventory:

Hand Weapons
 a - a +0 spear (weapon)
 y - a +0 halberd
Missiles
 p - 207 stones (quivered)
Armour
 j - a +1 scale mail of poison resistance
 l - a +0 helmet (worn)
 n - a +0 buckler (worn)
 t - a +0 pair of gloves (worn)
 u - a +0 pair of boots (worn)
 x - a +0 ring mail (worn)
Jewellery
 e - a ring of protection from magic (right hand)
 E - a +2 ring of slaying (left hand)
Wands
 b - a wand of polymorph (3)
 s - a wand of disintegration (4)
 v - a wand of clouds (5)
 w - a wand of iceblast (9)
Scrolls
 h - a scroll of immolation
 k - a scroll of magic mapping {unknown}
 m - a scroll of amnesia
 q - a scroll of enchant weapon {unknown}
 A - a scroll of enchant armour {unknown}
 D - a scroll of identify
Potions
 c - 3 potions of curing
 f - 2 potions of haste
 g - 3 potions of agility
 i - 7 potions of heal wounds
 z - a potion of lignification {unknown}
 B - a potion of resistance {unknown}
 C - a potion of brilliance {unknown}
Comestibles
 d - 6 rations


   Skills:
 + Level 6.3 Fighting
 + Level 4.2 Short Blades
 + Level 4.2 Long Blades
 + Level 4.2 Axes
 + Level 4.2 Maces & Flails
 + Level 6.3 Polearms
 + Level 4.2 Staves
 + Level 4.2 Slings
 + Level 4.2 Bows
 + Level 4.2 Crossbows
 + Level 4.2 Throwing
 + Level 5.0 Armour
 + Level 6.3 Dodging
 + Level 4.2 Stealth
 + Level 4.2 Shields
 + Level 4.2 Unarmed Combat
 + Level 6.6 Spellcasting
 + Level 3.5 Conjurations
 + Level 3.5 Hexes
 + Level 6.5 Charms
 + Level 3.5 Summonings
 + Level 3.5 Necromancy
 + Level 3.5 Translocations
 + Level 3.5 Transmutations
 + Level 3.5 Fire Magic
 + Level 3.5 Ice Magic
 + Level 3.5 Air Magic
 + Level 3.5 Earth Magic
 + Level 3.5 Poison Magic
 + Level 4.6 Invocations
 + Level 4.2 Evocations


You had 10 spell levels left.
You knew the following spells:

 Your Spells              Type           Power        Failure   Level  Hunger
a - Infusion              Chrm           ####         1%          1    None
b - Shroud of Golubria    Chrm/Tloc      ###.......   4%          2    None
c - Regeneration          Chrm/Necr      ###.......   8%          3    ##.....
d - Spectral Weapon       Hex/Chrm       ###.....     8%          3    ##.....
e - Song of Slaying       Chrm           ####....     2%          2    None

Your spell library contained the following spells:

 Spells                   Type           Power        Failure   Level  Hunger
 Summon Small Mammal      Summ           ###.         4%          1    None
 Call Imp                 Summ           ###.....     8%          2    None
 Call Canine Familiar     Summ           ###.....     16%         3    ##.....
 Summon Guardian Golem    Hex/Summ       ###.....     16%         3    ##.....
 Summon Ice Beast         Ice/Summ       ###.....     45%         4    ####...
 Summon Lightning Spire   Summ/Air       ###.....     45%         4    ####...
 Haunt                    Necr/Summ      ###.......   100%        7    #######
 Borgnjor's Revivificati  Necr           ###.......   100%        8    #######
 Death's Door             Chrm/Necr      ###.......   100%        8    #######
 Infestation              Necr           ###.......   100%        8    #######
 Necromutation            Tmut/Necr      ###.......   100%        8    #######


Dungeon Overview and Level Annotations

Branches:
Dungeon (7/15)             Temple (1/1) D:4

Altars:
Dithmenos
Gozag
Hepliaklqana
Kikubaaqudgha
Nemelex Xobeh
Okawaru
Qazlal
Sif Muna
Trog
Wu Jian
Xom
Zin

Annotations:
D:6 4 transporters, dvd's ghost, novice OpFE


Innate Abilities, Weirdness & Mutations

Your experience applies equally to all skills.
You have very sharp teeth.
Your uncanny sense of smell can sniff out nearby items.


Message History

r - Retreat! s - Stop attacking. g - Guard the area. f - Follow me.
Anything else - Cancel.
Okay, then.
Attack whom?
Press: ? - help, Dir - move target cursor, f - orc
Aim: an orc, wearing a +0 ring mail (almost dead)
You could not reach far enough!
The orc hits your spectral weapon but does no damage.
Attack whom?
Press: ? - help, Dir - move target cursor, f/p - orc
Aim: an orc, wearing a +0 ring mail (almost dead)
You could not reach far enough!
The orc warrior hits you from afar with a +0 glaive!
* * * LOW HITPOINT WARNING * * *
Unknown command.
The orc misses you.
The orc warrior hits you from afar with a +0 glaive!!
You die...
Your body crumbles into a pile of gold.

.###....#####..## ##....##......
..####..# ##.## #....###......
.......## #..####...## #......
.......# ###...##...## ##.....
.......#####..........# #...y.
....#=..##....##.....### #.....
............####.......## #....#
...........## #........####...##
..(.......## #@..........#.###
..........### ##o(.....#.....#
......>.....###o........##...##
##............$...............##
##........<...................##
###......##.....................#
##....#..###....#........####....
..............#####......# ###..
.........[..### #....## #...


You could see an orc warrior, an orc and a friendly spectral +0 spear.

Vanquished Creatures
  Sigmund (D:6)
  Duvessa (D:6)
  An ice beast (D:6)
  An orc warrior (D:6)
  A hornet zombie (D:6)
  An eye of draining (D:4)
  An ogre (D:7)
  A necrophage (D:5)
  A phantom (D:4)
  A big kobold (D:4)
  2 bullfrogs (D:6)
  Dowan (D:6)
  4 killer bees
  3 wights (D:6)
  3 howler monkeys (D:7)
  A crimson imp (D:6)
  A bullfrog zombie (D:7)
  A centaur zombie (D:7)
  A bullfrog skeleton (D:5)
  3 hounds
  Natasha (twice) (D:3)
  3 iguanas
  5 orc wizards
  A worker ant (D:4)
  2 hound zombies (D:7)
  A hound skeleton (D:6)
  6 gnolls
  14 adders
  2 river rats (D:5)
  An ooze (D:5)
  An adder skeleton (D:5)
  7 worms
  3 dart slugs
  3 leopard geckos
  27 orcs
  2 giant cockroaches
  7 hobgoblins
  10 jackals
  3 quokkas
  2 ball pythons
  5 bats
  5 frilled lizards
  5 goblins
  A jackal zombie (D:4)
  11 kobolds
  A quokka skeleton (D:7)
  11 rats
  A spectral weapon (D:6)
172 creatures vanquished.

Vanquished Creatures (others)
  An adder (D:6)
  A spectral weapon (D:7)
2 creatures vanquished.

Grand Total: 174 creatures vanquished

Notes
Turn   | Place    | Note
-------+----------+-------------------------------------------
     0 | D:1      | t4s4d4r the Gnoll Skald began the quest for the Orb.
     0 | D:1      | Reached XP level 1. HP: 20/20 MP: 6/6
   225 | D:1      | Reached XP level 2. HP: 18/26 MP: 1/7
   231 | D:1      | Learned a level 2 spell: Shroud of Golubria
   836 | D:2      | Reached XP level 3. HP: 31/31 MP: 9/9
   881 | D:2      | Reached skill level 5 in Spellcasting
   927 | D:2      | Reached skill level 1 in Invocations
  1152 | D:2      | Reached skill level 1 in Short Blades
  1152 | D:2      | Reached skill level 1 in Long Blades
  1152 | D:2      | Reached skill level 1 in Axes
  1152 | D:2      | Reached skill level 1 in Maces & Flails
  1152 | D:2      | Reached skill level 1 in Staves
  1152 | D:2      | Reached skill level 1 in Slings
  1152 | D:2      | Reached skill level 1 in Bows
  1152 | D:2      | Reached skill level 1 in Crossbows
  1152 | D:2      | Reached skill level 1 in Throwing
  1152 | D:2      | Reached skill level 1 in Stealth
  1152 | D:2      | Reached skill level 1 in Shields
  1152 | D:2      | Reached skill level 1 in Unarmed Combat
  1152 | D:2      | Reached skill level 1 in Evocations
  1270 | D:2      | Found a bloodstained altar of Trog.
  1274 | D:2      | Reached XP level 4. HP: 38/38 MP: 11/11
  1912 | D:3      | Reached skill level 1 in Conjurations
  1912 | D:3      | Reached skill level 1 in Hexes
  1912 | D:3      | Reached skill level 1 in Summonings
  1912 | D:3      | Reached skill level 1 in Necromancy
  1912 | D:3      | Reached skill level 1 in Translocations
  1912 | D:3      | Reached skill level 1 in Transmutations
  1912 | D:3      | Reached skill level 1 in Fire Magic
  1912 | D:3      | Reached skill level 1 in Ice Magic
  1912 | D:3      | Reached skill level 1 in Air Magic
  1912 | D:3      | Reached skill level 1 in Earth Magic
  1912 | D:3      | Reached skill level 1 in Poison Magic
  2606 | D:3      | Reached XP level 5. HP: 43/43 MP: 12/12
  2662 | D:3      | Noticed Natasha
  2682 | D:3      | Killed Natasha
  2985 | D:3      | Noticed Natasha
  2996 | D:3      | Killed Natasha
  3569 | D:4      | Reached XP level 6. HP: 37/50 MP: 13/13
  3597 | D:4      | Learned a level 3 spell: Regeneration
  3601 | D:4      | Learned a level 3 spell: Spectral Weapon
  3604 | D:4      | Learned a level 2 spell: Song of Slaying
  3863 | D:4      | Found a staircase to the Ecumenical Temple.
  3863 | D:4      | Noticed an eye of draining
  3867 | Temple   | Entered the Ecumenical Temple
  3884 | Temple   | Became a worshipper of Gozag Ym Sagoz the Greedy
  3911 | D:4      | Killed an eye of draining
  3911 | D:4      | Reached skill level 5 in Fighting
  3911 | D:4      | Reached skill level 5 in Polearms
  3911 | D:4      | Reached skill level 5 in Dodging
  3923 | D:4      | Reached XP level 7. HP: 46/56 MP: 6/15
  4070 | D:4      | Found a sparkling altar of Nemelex Xobeh.
  4158 | D:5      | Entered Level 5 of the Dungeon
  4478 | D:5      | Found a shadowy altar of Dithmenos.
  4579 | D:5      | You fall through a shaft for 2 floors!
  4623 | D:6      | Noticed an ogre mage
  4624 | D:6      | Found an iron altar of Okawaru.
  4649 | D:6      | Reached XP level 8. HP: 33/63 MP: 16/16
  4716 | D:6      | Found a transporter.
  4721 | D:6      | Found a transporter.
  5261 | D:6      | Noticed an angel
  5263 | D:6      | Found a glowing silver altar of Zin.
  5265 | D:6      | Found a shimmering altar of Xom.
  5329 | D:6      | Found a transporter.
  5335 | D:6      | Noticed dvd's ghost (novice OpFE)
  5346 | D:6      | Found an ornate altar of the Wu Jian Council.
  5451 | D:6      | Found a transporter.
  5541 | D:6      | Noticed Sigmund
  5553 | D:6      | Killed Sigmund
  5896 | D:6      | Reached XP level 9. HP: 62/69 MP: 18/18
  6124 | D:6      | Noticed Duvessa
  6136 | D:6      | Noticed Dowan
  6140 | D:6      | Killed Duvessa
  6153 | D:6      | Killed Dowan
  7290 | D:7      | Reached skill level 5 in Armour
  7569 | D:7      | Mangled by an orc warrior

Skill      XL: |  1  2  3  4  5  6  7  8  9 |
---------------+----------------------------+-----
Spellcasting   | 5 6 |  6.6
Invocations    | 1 2 3 4 |  4.6
Short Blades   | 1 2 3 4 |  4.2
Long Blades    | 1 2 3 4 |  4.2
Axes           | 1 2 3 4 |  4.2
Maces & Flails | 1 2 3 4 |  4.2
Staves         | 1 2 3 4 |  4.2
Slings         | 1 2 3 4 |  4.2
Bows           | 1 2 3 4 |  4.2
Crossbows      | 1 2 3 4 |  4.2
Throwing       | 1 2 3 4 |  4.2
Stealth        | 1 2 3 4 |  4.2
Shields        | 1 2 3 4 |  4.2
Unarmed Combat | 1 2 3 4 |  4.2
Evocations     | 1 2 3 4 |  4.2
Conjurations   | 1 2 3 |  3.5
Hexes          | 1 2 3 |  3.5
Summonings     | 1 2 3 |  3.5
Necromancy     | 1 2 3 |  3.5
Translocations | 1 2 3 |  3.5
Transmutations | 1 2 3 |  3.5
Fire Magic     | 1 2 3 |  3.5
Ice Magic      | 1 2 3 |  3.5
Air Magic      | 1 2 3 |  3.5
Earth Magic    | 1 2 3 |  3.5
Poison Magic   | 1 2 3 |  3.5
Armour         | 3 4 5 |  5.0
Fighting       | 5 6 |  6.3
Polearms       | 5 6 |  6.3
Dodging        | 5 6 |  6.3
Charms         | 6 |  6.5

Action                   |  1- 3 |  4- 6 |  7- 9 || total
-------------------------+-------+-------+-------++-------
Melee: Spear             |   116 |   260 |   481 ||   857
       Bite              |     5 |    18 |    44 ||    67
 Cast: Infusion          |     1 |    10 |    19 ||    30
       Spectral Weapon   |       |     2 |    20 ||    22
       Shroud of Golubri |       |       |     3 ||     3
       Regeneration      |       |       |     2 ||     2
  Use: Scroll            |       |     3 |     6 ||     9
 Stab: Sleeping          |     4 |     4 |     7 ||    15
       Distracted        |       |       |     7 ||     7
  Eat: Chunk             |     1 |     9 |       ||    10
       Ration            |       |       |     4 ||     4
Armor: Leather armour    |    13 |     6 |       ||    19
       Ring mail         |       |    29 |   103 ||   132
Dodge: Dodged            |    49 |   116 |   252 ||   417
Block: Buckler           |       |    22 |    95 ||   117
